 Dungeon Crawl Stone Soup version 0.30.0-5-g1a98f26d00 (webtiles) character file.

Game seed: 12502924373075789158

16387 SeerSkye the Severer (level 12, -14/175 HPs)
             Began as a Minotaur Fighter on May 10, 2023.
             Was an Initiate of Gozag.
             Demolished by Donald
             ... wielding a +1 vampiric war axe
              (38 damage)
             ... on level 2 of the Orcish Mines.
             The game lasted 00:13:31 (10885 turns).

SeerSkye the Severer (Minotaur Fighter)            Turns: 10885, Time: 00:13:32

Health: -14/175    AC: 11    Str: 25    XL:     12   Next: 9%
Magic:  11/11      EV: 25    Int:  5    God:    Gozag
Gold:   1135       SH:  6    Dex: 17    Spells: 11/11 levels left

rFire   . . .        Q - +3 broad axe (freeze)
rCold   . . .        c - +0 buckler
rNeg    + . .        k - +2 ring mail {rPois}
rPois   +            (helmet restricted)
rElec   .            (no cloak)
rCorr   .            G - +2 pair of gloves
SInv    .            (no boots)
Will    .....        d - amulet of the acrobat Stlth
                     D - +6 ring of dexterity
HPRegen 0.49/turn    N - ring of positive energy
MPRegen 0.12/turn

%: acrobat
@: berserking, acrobatic, studying Stealth, invisible, very quick
A: horns 2, retaliatory headbutt
a: Renounce Religion, Potion Petition, Call Merchant, Bribe Branch


You were on level 2 of the Orcish Mines.
You worshipped Gozag.
Gozag was most pleased with you.
You visited 2 branches of the dungeon, and saw 12 of its levels.
You also visited: Sewer and Ossuary.

You collected 3131 gold pieces.
You spent 247 gold pieces at shops.
You paid 1749 gold pieces to Gozag.

Inventory:

Hand Weapons
 a - a +0 war axe
 Q - a +3 broad axe of freezing (weapon)
Missiles
 s - 2 javelins (quivered)
Armour
 b - a +0 scale mail
 c - a +0 buckler (worn)
 k - a +2 ring mail of poison resistance (worn)
 G - a +2 pair of gloves (worn)
Jewellery
 d - an amulet of the acrobat (around neck)
 f - a ring of magical power
 D - a +6 ring of dexterity (left hand)
 N - a ring of positive energy (right hand)
 P - a ring of wizardry
Wands
 w - a wand of flame (9)
 B - a wand of polymorph (19)
 O - a wand of paralysis (10)
Scrolls
 h - 8 scrolls of teleportation
 m - 3 scrolls of vulnerability
 o - 2 scrolls of amnesia
 u - 4 scrolls of immolation
 x - 3 scrolls of butterflies
 y - 3 scrolls of magic mapping
 z - 6 scrolls of blinking
 A - 4 scrolls of fog
 F - 2 scrolls of torment
 H - 2 scrolls of silence
 L - a scroll of enchant armour {unknown}
 M - 3 scrolls of poison {unknown}
 R - a scroll of identify {@r1}
 S - a scroll of acquirement {unknown}
Potions
 e - 4 potions of flight
 g - 5 potions of heal wounds {@q2}
 i - 2 potions of invisibility
 j - 12 potions of curing {@q1}
 n - 2 potions of magic {unknown}
 p - 2 potions of haste
 q - 2 potions of brilliance {unknown}
 t - 3 potions of attraction {unknown}
 v - a potion of cancellation {unknown}
 E - a potion of degeneration {unknown}
 I - 2 potions of lignification
 J - a potion of ambrosia
 K - a potion of mutation


   Skills:
 + Level 14.1 Fighting
 + Level 17.0 Axes
 + Level 7.2 Armour
 + Level 7.2 Shields


You had 11 spell levels left.
You didn't know any spells.
Your spell library contained the following spells:

 Spells                   Type           Power      Damage    Failure   Level
 Apportation              Tloc           0%         N/A       65%         1
 Foxfire                  Conj/Fire      0%         2x1d4     65%         1
 Necrotise                Necr           0%         1d4       65%         1
 Summon Small Mammal      Summ           0%         N/A       65%         1
 Lesser Beckoning         Tloc           0%         N/A       80%         2
 Frozen Ramparts          Ice            0%         1d1       95%         3
 Gell's Gravitas          Tloc           0%         N/A       95%         3
 Ignite Poison            Fire/Tmut/Pois 0%         N/A       95%         3
 Inner Flame              Hex/Fire       0%         N/A       95%         3
 Mephitic Cloud           Conj/Pois/Air  0%         N/A       95%         3
 Stone Arrow              Conj/Erth      0%         3d7       95%         3
 Teleport Other           Tloc           0%         N/A       95%         3
 Flame Wave               Conj/Fire      0%         2d4       100%        4
 Ice Form                 Ice/Tmut       0%         N/A       100%        4
 Sticky Flame             Conj/Fire      0%         2d3       100%        4
 Summon Ice Beast         Ice/Summ       0%         N/A       100%        4
 Arcjolt                  Conj/Air       0%         1d10      100%        5


Dungeon Overview and Level Annotations

Branches:
Dungeon (10/15) Zot: 25711  Temple (0/1) D:7            Lair (0/5) D:9
    Orc (2/2) D:10 Zot: 11279   Sewer (visited)         Ossuary (visited)
    Elf: Orc:2

Altars:
Gozag
Okawaru
Sif Muna
Trog
Uskayaw
Xom

Shops:
D:6 !   Orc:1 :

Annotations:
Orc:2 Donald


Innate Abilities, Weirdness & Mutations

You have a pair of horns on your head.
You reflexively headbutt those who attack you in melee.


Message History

Donald hits you with a +1 vampiric war axe!!!
You hear a shout!
You fade into invisibility!
Donald says, "I asked for directions to the rune, but they belched at me."
You block Donald's attack. Donald blocks your attack.
You headbutt Donald.
Donald is lightly wounded.
Donald hits you with a +1 vampiric war axe!!
* * * LOW HITPOINT WARNING * * *
Unknown command.
You feel much better.
Donald hits you with a +1 vampiric war axe!!
Donald draws strength from your wounds! Donald closely misses you.
You furiously retaliate!
You headbutt Donald.
A red film seems to cover your vision as you go berserk!
You feel yourself moving faster!
You feel mighty! You block Donald's attack. Donald blocks your attack.
You catch the helpless Donald completely off-guard!
You slice Donald!! You freeze Donald! You headbutt Donald, but do no damage.
Donald is heavily wounded.
Donald says, "At least there's gold.
That doesn't make up for it."
Donald hits you with a +1 vampiric war axe!!
* * * LOW HITPOINT WARNING * * *
You barely miss Donald.
Donald is heavily wounded.
Donald hits you with a +1 vampiric war axe!!
* * * LOW HITPOINT WARNING * * *
You slash Donald! You freeze Donald. Your headbutt misses Donald.
Donald is heavily wounded.
You hit Donald.
Donald is severely wounded.
Donald says, "The people that built this place?
They must be crazy."
You block Donald's attack.
You strike the helpless Donald from behind!
You slice Donald!! You freeze Donald. You headbutt Donald.
Donald is almost dead.
Donald says, "At least there's gold.
That doesn't make up for it."
Donald hits you with a +1 vampiric war axe!!!
You die...
Your body crumbles into a pile of gold.

###.#.#..#...##
##.............#
#....#..........
#.....#........#
##.....#........ ##
##....#......... #..
##...............
#..##.#.#.##.........
#...@...####.........
##..@....# .........
##.....#............
.......#.#.#.##....
.....#..### # #.....
.#.#.##.(.# .......
.....## #(## ........
.....# ## .#.#.....
##.#<...


You could see Donald (fast, strong, resistant, unable to see you).

Vanquished Creatures
  An orc warlord (Orc:1)
  3 two-headed ogres
  Amaemon (D:8)
  An ugly thing (D:9)
  An orange demon (D:8)
  A gargoyle (D:9)
  Maggie (D:8)
  2 kobold demonologists (D:9)
  3 trolls
  2 polar bears (D:10)
  A hornet (D:8)
  Prince Ribbit (D:5)
  2 wraiths
  A vampire (D:9)
  12 yaks
  3 shadows
  2 wyverns
  A steam dragon (D:7)
  Grum (D:8)
  3 vampire mosquitoes (D:10)
  4 wargs
  5 water moccasins
  10 orc warriors
  5 sky beasts
  4 ice beasts
  2 black bears
  3 ogres
  2 centaurs (D:8)
  3 wolves (D:8)
  2 phantoms
  6 kobold brigands
  5 bullfrogs
  5 scorpions
  7 wights
  5 killer bees (D:7)
  2 human zombies (Ossuary)
  A hound (D:4)
  3 orc priests
  2 gnoll boudas
  6 jellies
  A sleepcap (D:6)
  Terence (D:3)
  10 orc wizards
  2 iguanas
  A hound zombie (Ossuary)
  4 mummies (Ossuary)
  12 adders
  10 gnolls
  2 river rats (Sewer)
  A white imp (D:5)
  3 ufetubi
  2 adder zombies (Ossuary)
  3 worms
  2 dart slugs
  40 orcs
  6 ball pythons
  3 bats
  6 endoplasms
  4 giant cockroaches
  A gnoll zombie (Ossuary)
  3 goblins
  3 hobgoblins
  14 jackals
  30 kobolds
  7 quokkas
  4 frilled lizards
  A goblin zombie (Ossuary)
  3 hobgoblin zombies
  2 jackal zombies (Ossuary)
  An orc zombie (Ossuary)
  3 rats
310 creatures vanquished.

Vanquished Creatures (others)
  A yak (D:8)
1 creature vanquished.

Grand Total: 311 creatures vanquished

Notes
Turn   | Place    | Note
-------+----------+-------------------------------------------
     0 | D:1      | SeerSkye the Minotaur Fighter began the quest for the Orb.
     0 | D:1      | Reached XP level 1. HP: 19/19 MP: 0/0
   412 | D:1      | Reached skill level 3 in Axes
   412 | D:1      | Reached XP level 2. HP: 25/27 MP: 1/1
   920 | D:2      | Reached XP level 3. HP: 33/33 MP: 2/2
   943 | D:2      | Found a faded altar of an unknown god.
  1041 | D:2      | Reached skill level 4 in Axes
  1153 | D:2      | Found an opulent altar of Gozag.
  1205 | D:2      | Became a worshipper of Gozag Ym Sagoz the Greedy
  1309 | D:3      | Noticed Terence
  1316 | D:3      | Killed Terence
  1317 | D:3      | Reached XP level 4. HP: 20/41 MP: 3/3
  1428 | D:3      | Reached skill level 5 in Axes
  1438 | D:3      | Reached XP level 5. HP: 34/47 MP: 4/4
  1439 | D:3      | Reached skill level 5 in Fighting
  1632 | D:3      | Found a shimmering altar of Xom.
  1643 | D:3      | Found an iron altar of Okawaru.
  2188 | D:4      | Reached skill level 6 in Axes
  2442 | D:4      | Reached XP level 6. HP: 56/56 MP: 5/5
  2555 | D:4      | Found a hide-covered altar of Uskayaw.
  2741 | D:5      | Entered Level 5 of the Dungeon
  2748 | D:5      | Reached skill level 7 in Axes
  2753 | D:5      | Noticed a water moccasin
  2896 | D:5      | Killed a water moccasin
  2955 | D:5      | Reached XP level 7. HP: 55/63 MP: 6/6
  3096 | D:5      | Found a glowing drain.
  3101 | Sewer    | Entered a sewer
  3160 | Sewer    | Reached skill level 8 in Axes
  3909 | D:5      | Noticed a two-headed ogre
  3916 | D:5      | Killed a two-headed ogre
  3917 | D:5      | Reached skill level 10 in Axes
  3917 | D:5      | Reached XP level 8. HP: 45/74 MP: 7/7
  4141 | D:5      | Noticed Prince Ribbit
  4164 | D:5      | Killed Prince Ribbit
  4165 | D:5      | Reached skill level 11 in Axes
  4597 | D:6      | Found a sand-covered staircase.
  4608 | Ossuary  | Entered an ossuary
  4711 | Ossuary  | Got the Compendium of the Circus Animal
  4998 | D:6      | Reached XP level 9. HP: 79/82 MP: 8/8
  5123 | D:6      | Reached skill level 12 in Axes
  5264 | D:6      | Found Hocisuf's Distillery.
  5268 | D:6      | Bought a potion of lignification for 39 gold pieces
  5268 | D:6      | Bought a potion of ambrosia for 104 gold pieces
  5268 | D:6      | Bought a potion of mutation for 104 gold pieces
  5801 | D:7      | Reached skill level 13 in Axes
  5810 | D:7      | Reached skill level 10 in Fighting
  6102 | D:7      | Noticed a troll
  6112 | D:7      | Killed a troll
  6265 | D:7      | Reached skill level 14 in Axes
  6270 | D:7      | Reached XP level 10. HP: 67/94 MP: 9/9
  6479 | D:7      | Found a staircase to the Ecumenical Temple.
  7049 | D:8      | Noticed Maggie
  7057 | D:8      | Killed Maggie
  7239 | D:8      | Reached skill level 15 in Axes
  7327 | D:8      | Noticed Amaemon
  7329 | D:8      | Noticed an orange demon
  7329 | D:8      | Noticed a two-headed ogre
  7343 | D:8      | Killed Amaemon
  7356 | D:8      | Killed a two-headed ogre
  7373 | D:8      | Killed an orange demon
  7374 | D:8      | Reached skill level 16 in Axes
  7661 | D:8      | Noticed Grum
  7680 | D:8      | Killed Grum
  7925 | D:8      | Reached XP level 11. HP: 97/105 MP: 10/10
  7925 | D:8      | Found an opulent altar of Gozag.
  8183 | D:9      | Found a staircase to the Lair.
  8205 | D:9      | Noticed a purple ugly thing
  8210 | D:9      | Killed a purple ugly thing
  8289 | D:9      | Noticed a sixfirhy
  8476 | D:9      | Reached skill level 5 in Armour
  8476 | D:9      | Reached skill level 5 in Shields
  8685 | D:9      | Found a shimmering blue altar of Sif Muna.
  8903 | D:10     | Entered Level 10 of the Dungeon
  8947 | D:10     | Found a bloodstained altar of Trog.
  9820 | D:10     | Found a staircase to the Orcish Mines.
  9918 | D:10     | Noticed a two-headed ogre
  9923 | D:10     | Killed a two-headed ogre
 10170 | Orc:1    | Entered Level 1 of the Orcish Mines
 10364 | Orc:1    | Noticed an orc warlord
 10378 | Orc:1    | Killed an orc warlord
 10379 | Orc:1    | Reached XP level 12. HP: 65/117 MP: 11/11
 10387 | Orc:1    | Reached skill level 17 in Axes
 10645 | Orc:1    | Found Ilonutai's Vocational Training.
 10841 | Orc:2    | Entered Level 2 of the Orcish Mines
 10871 | Orc:2    | Noticed Donald
 10885 | Orc:2    | Demolished by Donald

Illustrated notes

Levels and vault maps discovered:
D:1:      spicycebolla_green_bress_n_ham_2, layout_basic,
          chequers_serial_rivers_marsh
D:2:      layout_rooms, basic_ecumenical_altar, basic_altar
D:3:      layout_basic, mainiacjoe_overflow_big_doors, corner_web_ring,
          uniq_terence
D:4:      layout_cave_pools, mainiacjoe_overflow_six_doors_small
D:5:      layout_basic, portal_sewer_entry_e, minmay_manual_mess,
          uniq_prince_ribbit1
D:6:      layout_loops_ring, enter_ossuary_3, serial_shops,
          nicolae_shop_back_alley_shop
D:7:      layout_basic, minmay_temple_entry_hall, minmay_alternating_orb
D:8:      layout_cave_pools, marbit_many_paths,
          minmay_fractal_squares_diagonal_5, uniq_grum, uniq_maggie,
          uniq_amaemon
D:9:      layout_rooms, nicolae_sif_muna_condensation, dpeg_oklobed_lair
D:10:     layout_cave_pods, trog_ov_bears_minmay, david_orc_1_choice
Orc:1:    layout_diamond_mine, nicolae_shop_vocational
Orc:2:    grunt_orc_cross, layout_caves, uniq_azrael, uniq_donald

Skill      XL: |  1  2  3  4  5  6  7  8  9 10 11 12 |
---------------+-------------------------------------+-----
Axes           | 3 4 5 6 7 10 11 14 16 17 | 17.0
Fighting       | 4 5 6 7 8 10 12 14 | 14.1
Armour         | 7 |  7.2
Shields        | 7 |  7.2

Action                     |  1- 3 |  4- 6 |  7- 9 | 10-12 || total
---------------------------+-------+-------+-------+-------++-------
  Melee: War axe           |    63 |   113 |   216 |   126 ||   518
         Headbutt          |    10 |    10 |    35 |    60 ||   115
         Broad axe         |       |       |       |   177 ||   177
  Throw: Javelin           |       |       |       |     4 ||     4
 Invoke: Potion Petition   |       |       |     1 |     4 ||     5
    Use: Potion            |       |     1 |     4 |     7 ||    12
         Scroll            |       |     8 |     7 |    10 ||    25
   Stab: Distracted        |       |       |     3 |     3 ||     6
         Invisible         |       |       |       |    12 ||    12
 Armour: Scale mail        |     2 |       |       |       ||     2
         Ring mail         |    41 |    45 |    65 |    95 ||   246
         Skin              |       |       |       |    41 ||    41
  Dodge: Dodged            |    31 |    58 |    86 |   146 ||   321
  Block: Buckler           |    15 |    22 |    44 |    64 ||   145
